 Dungeon Crawl Stone Soup version 0.18-a0-1372-gd644665 (webtiles) character file.

10286 Gorice the Thaumaturge (level 11, -1/62 HPs)
             Began as a Deep Elf Wanderer on Feb 21, 2016.
             Was a Priest of Kikubaaqudgha.
             Slain by an iguana (12 damage)
             ... on level 11 of the Dungeon.
             The game lasted 01:32:38 (13516 turns).

Gorice the Thaumaturge (Deep Elf Wanderer)         Turns: 13516, Time: 01:32:38

Health: -1/62      AC: 10    Str: 14    XL:     11   Next: 34%
Magic:  3/28       EV: 13    Int: 23    God:    Kikubaaqudgha [***...]
Gold:   711        SH:  0    Dex: 10    Spells: 8 memorised, 14 levels left

rFire  . . .     SeeInvis .     a - +5 short sword (flame)
rCold  . . .     Gourm    .     y - +1 leather armour {MR+}
rNeg   . . .     Faith    +     (no shield)
rPois  .         Spirit   .     B - +2 helmet "Ocizeforph" {Str+3}
rElec  .         Dismiss  .     T - +0 cloak
rCorr  .         Reflect  .     (no gloves)
SustAt +         Harm     .     e - +1 pair of boots
MR     +++..                    W - amulet of faith {!P}
Stlth  +.........               n - ring of protection from magic
                                i - ring of sustain attributes

@: very slightly contaminated, extremely resistant to hostile enchantments, very
unstealthy
A: no striking features
a: Receive Corpses, Renounce Religion


You were on level 11 of the Dungeon.
You worshipped Kikubaaqudgha.
Kikubaaqudgha was most pleased with you.
You were hungry.

You visited 2 branches of the dungeon, and saw 12 of its levels.
You also visited: Sewer and Ossuary.

You collected 711 gold pieces.

Inventory:

Hand Weapons
 a - a +5 short sword of flaming (weapon)
   (You took it off a kobold on level 2 of the Dungeon)
 h - a +0 great sword of holy wrath
   (You found it on level 10 of the Dungeon)
 p - a +3 dagger of protection
   (You found it on level 1 of the Dungeon)
 v - a +0 dagger of venom
   (You took it off Robin on level 3 of the Dungeon)
Missiles
 b - 7 javelins (quivered)
 O - 55 poisoned needles
 R - 17 tomahawks
 Y - a throwing net
Armour
 e - a +1 pair of boots (worn)
 y - a +1 leather armour of magic resistance (worn)
   (You took it off an orc on level 3 of the Dungeon)
 B - the +2 helmet "Ocizeforph" (worn) {Str+3}
   (You took it off Robin on level 3 of the Dungeon)

   It affects your strength (+3).
 T - a +0 cloak (worn)
Jewellery
 i - a ring of sustain attributes (left hand)
 n - a ring of protection from magic (right hand)
 r - an uncursed ring of ice
 W - an amulet of faith (around neck) {!P}
Wands
 z - a wand of slowing (18/48)
 C - a wand of iceblast (14/15)
 H - a wand of lightning (4/15)
 V - a wand of confusion (29/48)
Scrolls
 d - 2 scrolls of magic mapping {!r}
 w - 4 scrolls of teleportation {!r}
 x - a scroll of recharging
 F - 2 scrolls of fog
 S - 4 scrolls of remove curse
 U - a scroll of blinking
Potions
 c - 3 potions of lignification {!q}
 j - 3 potions of degeneration {unknown}
 l - 3 potions of might {!q}
 q - 7 potions of curing
 t - a potion of magic {!q}
 A - 2 potions of ambrosia {!q}
 G - a potion of experience {unknown}
 L - 2 potions of brilliance {unknown}
Books
 s - Kikubaaqudgha's Volume of Darkness
   (Kikubaaqudgha gifted it to you on level 10 of the Dungeon)

   Spells                             Type                      Level
   a - Agony                          Necromancy                   5
   b - Cigotuvi's Embrace             Necromancy                   5
   c - Dispel Undead                  Necromancy                   5
   d - Simulacrum                     Ice/Necromancy               6
   e - Death Channel                  Necromancy                   6
Comestibles
 f - 10 bread rations {!e}
 k - 3 fruits
 u - a chunk of flesh
 D - 4 beef jerkies
 J - 4 royal jellies
 X - 6 slices of pizza


   Skills:
 + Level 4.7 Fighting
 - Level 1.0 Throwing
 + Level 3.0 Armour
 + Level 4.3 Dodging
   Level 1.0 Shields
 - Level 11.0 Spellcasting
 - Level 9.2 Conjurations
 + Level 6.2 Charms
   Level 1.1 Summonings
 + Level 6.3 Necromancy
 - Level 5.0 Translocations
 - Level 9.1 Fire Magic


You had 14 spell levels left.
You knew the following spells:

 Your Spells              Type           Power        Failure   Level  Hunger
a - Flame Tongue          Conj/Fire      #####        1%          1    None
b - Throw Flame           Conj/Fire      ######       1%          2    None
c - Conjure Flame         Conj/Fire      ######..     1%          3    None
d - Sticky Flame          Conj/Fire      ######..     1%          4    None
A - Apportation           Tloc           #####.....   1%          1    None
J - Blink                 Tloc           N/A          1%          2    None
R - Regeneration          Chrm/Necr      #####.....   1%          3    None
S - Swiftness             Chrm/Air       ####....     2%          2    None


Dungeon Overview and Level Annotations

Branches:
Dungeon (11/15)            Temple (1/1) D:6
   Lair: D:8-11         Orc: D:9-12

Altars:
Ashenzari
Cheibriados
Dithmenos
Elyvilon
Fedhas
Gozag
Kikubaaqudgha
Makhleb
Nemelex Xobeh
Okawaru
Pakellas
Qazlal
Ru
Sif Muna
Trog
Vehumet
Xom
Yredelemnul
Zin
The Shining One
Lugonu

Annotations:
D:10 Gastronok
D:11 Vojta's ghost, novice DEAs


Message History

The sticky flame hits the komodo dragon.
The komodo dragon appears unharmed.
The komodo dragon is covered in liquid flames!
The komodo dragon burns!
The komodo dragon is engulfed in roaring flames.
The komodo dragon bites you!
Damage: 15 (max 15)
Casting: Sticky Flame
Confirm with . or Enter, or press ? or * to list all spells.
Aiming: Flame Tongue
Press: ? - help, Shift-Dir - straight line, f/p - komodo dragon
Aim: a komodo dragon (flame, moderately wounded, covered in liquid flames)
The flame tongue hits the komodo dragon.
The komodo dragon is heavily wounded.
The komodo dragon burns!
The komodo dragon is engulfed in roaring flames.
The komodo dragon bites you!
* * * LOW HITPOINT WARNING * * *
Damage: 17 (max 17)
The komodo dragon burns!
The komodo dragon is engulfed in roaring flames.
The komodo dragon burns!
The komodo dragon burns!
You kill the komodo dragon!
Kikubaaqudgha accepts your kill.
Your Armour skill increases to level 3!
You open the door.
A centaur and a hill giant come into view.
The hill giant shouts!
The centaur shouts!
Found a plate armour and 14 bolts.
You see here a komodo dragon corpse.
Read which item? (? for menu, Esc to quit)
Blink to where?
Press: ? - help, Dir - move target cursor You are very lightly contaminated with residual magic.
As you read the scroll of blinking, it crumbles to dust.
The two-headed ogre shouts in stereo!
You hear the faint creaking of a very distant portcullis.
An iguana comes into view.
The iguana hisses angrily.
Found a potion of flight.
Found a stone staircase leading down.
Casting: Flame Tongue
Confirm with . or Enter, or press ? or * to list all spells.
Aiming: Conjure Flame
Press: ? - help, Dir - move target cursor The fire roars!
The iguana misses you. The iguana bites you!
You die...
Kikubaaqudgha rasps: "You have failed me!
Welcome... death!"

#. #........# #.# ###'######
#.# #..##### .. ##.....# #.
.# ######.## ##.#########.#
#.......#
#............#######.......#
#............!.............#
..........l@.# ###.......#
.. #.......>....# #.......#
.... #............#
#..<....# .#'#
#............# #.......#
.#.# ######.###.## #####.###
.#.# #.§O#O# ..# T#.#
###T..# ####
§#'###########..#### ..
...>.................. ...


You could see a two-headed ogre and an iguana.

Vanquished Creatures
  Urug (D:10)
  An ugly thing (D:11)
  A komodo dragon (D:11)
  A kobold demonologist (D:9)
  Prince Ribbit (D:7)
  A wyvern (D:8)
  Sigmund (D:3)
  8 yaks
  A human (D:7)
  A hog (D:7)
  2 hungry ghosts
  2 hippogriffs
  3 wolves (D:11)
  A water moccasin (D:10)
  3 black bears
  An ice beast (D:7)
  8 orc warriors
  3 sky beasts
  A wasp (D:10)
  2 necrophages
  An eye of draining (D:11)
  4 centaurs
  8 ogres
  The ghost of M4edhros the Sneak, an amateur OpMo (D:3)
  2 big kobolds
  5 giant frogs
  3 elf skeletons (D:6)
  A scorpion (D:4)
  5 crimson imps
  2 quasits
  2 giant frog zombies (D:7)
  3 giant frog skeletons
  2 human zombies
  4 centaur zombies
  4 orc priests
  A centaur skeleton (D:8)
  A gnoll shaman (D:7)
  8 hounds
  A human skeleton (D:6)
  2 iguanas
  6 orc wizards
  8 worker ants
  A killer bee zombie (D:10)
  A big kobold zombie (Ossuary)
  2 sheep (D:7)
  A hound zombie (Ossuary)
  A hound skeleton (D:10)
  5 mummies
  Robin (D:3)
  15 gnolls
  13 adders
  A river rat (D:3)
  3 shadow imps
  An adder zombie (Ossuary)
  2 oozes
  5 worms
  8 giant geckos
  46 orcs
  A ball python (D:3)
  9 giant cockroaches
  16 goblins
  23 hobgoblins
  12 jackals
  16 kobolds
  7 quokkas
  A ball python skeleton (D:4)
  8 bats
  6 giant newts
  A gnoll zombie (Ossuary)
  A goblin zombie (Ossuary)
  A hobgoblin zombie (Ossuary)
  2 jackal zombies (Ossuary)
  A kobold zombie (Ossuary)
  5 orc skeletons (D:6)
  2 orc zombies
  A quokka skeleton (D:4)
  A quokka zombie (D:5)
  11 rats
  A rat zombie (Ossuary)
  A butterfly (D:2)
350 creatures vanquished.

Notes
Turn   | Place    | Note
--------------------------------------------------------------
     0 | D:1      | Gorice the Deep Elf Wanderer began the quest for the Orb.
     0 | D:1      | Gorice set off with: a book of Flames, Syed's Papyrus of Translocation, a potion of lignification {!q}, a +0 robe, a +0 club, a bread ration {!e}
     0 | D:1      | Reached XP level 1. HP: 10/10 MP: 9/9
     0 | D:1      | Identified Syed's Papyrus of Translocation
     2 | D:1      | Learned a level 1 spell: Flame Tongue
     6 | D:1      | Learned a level 1 spell: Apportation
   167 | D:1      | Reached XP level 2. HP: 15/15 MP: 1/10
   168 | D:1      | Reached skill level 6 in Spellcasting
   395 | D:1      | Reached skill level 1 in Conjurations
   646 | D:1      | Reached skill level 2 in Fire Magic
   880 | D:2      | Reached XP level 3. HP: 19/19 MP: 10/12
   936 | D:2      | Reached skill level 1 in Translocations
  1110 | D:2      | Found a sacrificial altar of Ru.
  1162 | D:2      | Reached XP level 4. HP: 20/24 MP: 7/14
  1405 | D:2      | Reached skill level 2 in Conjurations
  1468 | D:2      | Found a shimmering altar of Xom.
  1631 | D:3      | Reached skill level 2 in Translocations
  1638 | D:3      | Learned a level 2 spell: Blink
  1641 | D:3      | Learned a level 2 spell: Throw Flame
  1645 | D:3      | Learned a level 3 spell: Conjure Flame
  1678 | D:3      | Noticed M4edhros's ghost (amateur OpMo)
  1682 | D:3      | Killed M4edhros's ghost
  1682 | D:3      | Reached skill level 3 in Fire Magic
  1682 | D:3      | Reached XP level 5. HP: 18/28 MP: 10/15
  1682 | D:3      | HP: 8/28 [cloud of steam (10)]
  1721 | D:3      | Found a glowing drain.
  1842 | Sewer    | Entered a sewer
  1936 | Sewer    | Reached skill level 3 in Conjurations
  1936 | Sewer    | Reached skill level 3 in Translocations
  1975 | Sewer    | Found a glowing silver altar of Zin.
  2145 | D:3      | Noticed Sigmund
  2301 | D:3      | Killed Sigmund
  2301 | D:3      | Reached skill level 4 in Fire Magic
  2301 | D:3      | Reached XP level 6. HP: 16/32 MP: 6/17
  2308 | D:3      | Learned a level 4 spell: Sticky Flame
  2450 | D:3      | Found a white marble altar of Elyvilon.
  2469 | D:3      | Noticed Robin
  3418 | D:3      | Found an iron altar of Okawaru.
  3475 | D:3      | Reached skill level 4 in Conjurations
  3479 | D:3      | Killed Robin
  3487 | D:3      | Got a brightly glowing helmet
  3770 | D:3      | Identified the +2 helmet "Ocizeforph" {Str+3} (You took it off Robin on level 3 of the Dungeon)
  3874 | D:3      | Reached skill level 4 in Translocations
  4001 | D:3      | Reached XP level 7. HP: 36/36 MP: 14/19
  4157 | D:4      | Reached skill level 7 in Spellcasting
  4190 | D:4      | Found a shadowy altar of Dithmenos.
  4413 | D:5      | Entered Level 5 of the Dungeon
  4426 | D:5      | Found a shattered altar of Ashenzari.
  4492 | D:5      | Reached skill level 5 in Fire Magic
  4649 | D:5      | Found an oddly glowing altar of Pakellas.
  4731 | D:5      | Reached skill level 5 in Translocations
  4907 | D:5      | Found a shadowy altar of Dithmenos.
  4947 | D:5      | Reached skill level 5 in Conjurations
  5246 | D:5      | Found an opulent altar of Gozag.
  5246 | D:5      | Found a glowing silver altar of Zin.
  5251 | D:5      | Reached XP level 8. HP: 35/41 MP: 15/21
  5292 | D:5      | Found a sparkling altar of Nemelex Xobeh.
  5654 | D:6      | Found a sand-covered staircase.
  5688 | D:6      | Reached skill level 6 in Fire Magic
  5702 | Ossuary  | Entered an ossuary
  6138 | Ossuary  | Reached skill level 8 in Spellcasting
  6888 | D:6      | Reached skill level 6 in Conjurations
  7266 | D:6      | Reached skill level 7 in Fire Magic
  7540 | D:6      | Found a staircase to the Ecumenical Temple.
  7925 | D:6      | Reached skill level 7 in Conjurations
  7945 | Temple   | Entered the Ecumenical Temple
  8081 | D:7      | Found a snail-covered altar of Cheibriados.
  8137 | D:7      | Reached XP level 9. HP: 45/45 MP: 17/23
  8441 | D:7      | Reached skill level 9 in Spellcasting
  8441 | D:7      | Reached skill level 8 in Fire Magic
  8611 | D:7      | Reached skill level 8 in Conjurations
  8685 | Temple   | Became a worshipper of Kikubaaqudgha
  8927 | D:7      | Noticed Prince Ribbit
  8934 | D:7      | Killed Prince Ribbit
  9024 | D:7      | Reached skill level 9 in Fire Magic
  9032 | D:7      | Reached skill level 9 in Conjurations
  9045 | D:7      | HP: 10/45 [sheep (10)]
  9427 | D:8      | Reached skill level 1 in Fighting
  9435 | D:8      | Found an oddly glowing altar of Pakellas.
  9607 | D:8      | Reached skill level 10 in Spellcasting
  9651 | D:8      | Reached XP level 10. HP: 44/52 MP: 24/26
  9707 | D:8      | Reached * piety under Kikubaaqudgha
  9707 | D:8      | Received a gift from Kikubaaqudgha
  9708 | D:8      | Identified Kikubaaqudgha's Catalogue of Evil (Kikubaaqudgha gifted it to you on level 8 of the Dungeon)
  9713 | D:8      | Learned a level 3 spell: Regeneration
  9811 | D:8      | Reached skill level 1 in Necromancy
  9877 | D:8      | Found a bloodstained altar of Trog.
 10040 | D:9      | Reached skill level 2 in Fighting
 10042 | D:9      | Reached skill level 2 in Necromancy
 10190 | D:9      | Reached skill level 3 in Necromancy
 10314 | D:9      | Reached skill level 3 in Fighting
 10314 | D:9      | Reached skill level 11 in Spellcasting
 10371 | D:9      | Reached skill level 4 in Necromancy
 10497 | D:9      | Learned a level 2 spell: Swiftness
 10585 | D:9      | Reached skill level 1 in Armour
 10585 | D:9      | Reached skill level 1 in Dodging
 10916 | D:9      | Reached ** piety under Kikubaaqudgha
 10964 | D:9      | Reached skill level 4 in Charms
 11352 | D:9      | Reached skill level 2 in Dodging
 11360 | D:9      | Found a glowing golden altar of the Shining One.
 11360 | D:9      | Found a stormy altar of Qazlal.
 11841 | D:10     | Entered Level 10 of the Dungeon
 11862 | D:10     | Reached skill level 5 in Necromancy
 11894 | D:10     | Noticed Gastronok
 11991 | D:9      | Reached skill level 4 in Fighting
 12253 | D:10     | Reached skill level 2 in Armour
 12322 | D:10     | Noticed Urug
 12325 | D:10     | Reached skill level 3 in Dodging
 12340 | D:10     | HP: 7/56 [Urug/great sword (17)]
 12343 | D:10     | Killed Urug
 12343 | D:10     | Reached skill level 5 in Charms
 12343 | D:10     | Reached XP level 11. HP: 34/61 MP: 10/28
 12875 | D:10     | Reached *** piety under Kikubaaqudgha
 12875 | D:10     | Received a gift from Kikubaaqudgha
 12877 | D:10     | Identified Kikubaaqudgha's Volume of Darkness (Kikubaaqudgha gifted it to you on level 10 of the Dungeon)
 13024 | D:10     | Reached skill level 6 in Necromancy
 13344 | D:11     | Noticed Vojta's ghost (novice DEAs)
 13409 | D:11     | Noticed a tengu reaver
 13411 | D:11     | HP: 15/62 [tengu reaver/great sword of flaming (25)]
 13411 | D:11     | HP: 7/62 [tengu reaver/great sword of flaming (8)]
 13414 | D:11     | --wow blinked onto a tele trap - that was lucky!
 13416 | D:11     | HP: 2/62 [giant frog skeleton (3)]
 13448 | D:11     | Noticed a brown ugly thing
 13450 | D:11     | Reached skill level 4 in Dodging
 13474 | D:11     | Killed a brown ugly thing
 13474 | D:11     | Reached skill level 6 in Charms
 13501 | D:11     | HP: 8/62 [komodo dragon (17)]
 13504 | D:11     | Reached skill level 3 in Armour
 13505 | D:11     | Noticed a hill giant
 13516 | D:11     | Slain by an iguana

Vault maps used:
D:1:      evilmike_arrival_run_for_it
D:2:      xom_butterflies, lemuel_coloured_pillars_altar
D:3:      okawaru_altar_gauntlet_db, lemuel_crystal_altar,
          gup_sewer_entry_bubbles, uniq_sigmund, uniq_robin
D:4:      first_bread, lemuel_tele_altar
D:5:      grunt_temple_overflow_gold_and_silver, lemuel_round_altar,
          nemelex_altar_shiori, evilmike_ruin_ashenzari, kennysheep_cross_room,
          grunt_pakellas_salt
D:6:      corexii_shantytown, minmay_temple_entry_mist,
          nicolae_ossuary_entry_catacombs
D:7:      slow_altar_1, grunt_decor_cap, minmay_misc_feat_diagonals,
          grunt_livestock, hangedman_decor_clover_reticule,
          kennysheep_generic_room_6, uniq_prince_ribbit1
D:8:      kennysheep_mini, lemuel_doored_altar
D:9:      grunt_temple_overflow_open
D:10:     kennysheep_generic_room_13, uniq_urug, uniq_gastronok
D:11:     erik_lair_island, enter_bailey_3, kennysheep_just_a_vault
Temple:   corrupted_temple
Sewer:    sewer_kobolds
Ossuary:  ossuary_minmay_tomb_2a

Action                   |  1- 3 |  4- 6 |  7- 9 | 10-12 || total
-------------------------+-------+-------+-------+-------++-------
Melee: Club              |     2 |       |       |       ||     2
       Dagger            |     2 |       |     1 |       ||     3
       Short sword       |       |    15 |   198 |   113 ||   326
       Great sword       |       |       |       |     4 ||     4
Throw: Javelin           |       |       |       |     3 ||     3
       Tomahawk          |       |       |       |     1 ||     1
 Cast: Flame Tongue      |    72 |   151 |   133 |    92 ||   448
       Conjure Flame     |       |     3 |    16 |    25 ||    44
       Sticky Flame      |       |     1 |    49 |    59 ||   109
       Throw Flame       |       |       |     9 |     1 ||    10
       Regeneration      |       |       |       |     3 ||     3
Evoke: Wand              |       |     1 |       |       ||     1
  Use: Scroll            |     2 |     7 |    15 |     4 ||    28
       Potion            |       |     1 |       |     6 ||     7
  Eat: Chunk             |     1 |     9 |    15 |    10 ||    35
       Pizza             |       |       |     2 |     1 ||     3
       Royal jelly       |       |       |     1 |       ||     1

Table legend:
 A = Turns spent in this place as a percentage of turns spent in the entire game.
 B = Non-inter-level travel turns spent in this place as a percentage of non-inter-level travel turns spent in the entire game.
 C = Inter-level travel turns spent in this place as a percentage of turns spent in this place.
 D = Turns resting spent in this place as a percentage of non-inter-level travel turns spent in this place.
 E = Turns spent auto-exploring this place as a percentage of non-inter-level travel turns spent in this place.
 F = Non-inter-level travel turns spent in this place divided by the number of levels of this place that you've seen.
                   A       B       C       D       E      F
               +-------+-------+-------+-------+-------+----------------------
         Total | 100.0 | 100.0 |   0.4 |   2.7 |   4.7 | 375.0
       Dungeon |  90.6 |  90.6 |   0.5 |   2.7 |   5.1 | 432.5
        Temple |   1.6 |   1.6 |   1.2 |   2.4 |   0.0 |  83.0
         Sewer |   2.3 |   2.3 |   0.0 |   3.3 |   0.8 | 121.0
       Ossuary |   5.5 |   5.5 |   0.0 |   1.7 |   0.7 | 289.0
               +-------+-------+-------+-------+-------+----------------------

Vault maps used:
D:1:      evilmike_arrival_run_for_it
D:2:      xom_butterflies, lemuel_coloured_pillars_altar
D:3:      okawaru_altar_gauntlet_db, lemuel_crystal_altar,
          gup_sewer_entry_bubbles, uniq_sigmund, uniq_robin
D:4:      first_bread, lemuel_tele_altar
D:5:      grunt_temple_overflow_gold_and_silver, lemuel_round_altar,
          nemelex_altar_shiori, evilmike_ruin_ashenzari, kennysheep_cross_room,
          grunt_pakellas_salt
D:6:      corexii_shantytown, minmay_temple_entry_mist,
          nicolae_ossuary_entry_catacombs
D:7:      slow_altar_1, grunt_decor_cap, minmay_misc_feat_diagonals,
          grunt_livestock, hangedman_decor_clover_reticule,
          kennysheep_generic_room_6, uniq_prince_ribbit1
D:8:      kennysheep_mini, lemuel_doored_altar
D:9:      grunt_temple_overflow_open
D:10:     kennysheep_generic_room_13, uniq_urug, uniq_gastronok
D:11:     erik_lair_island, enter_bailey_3, kennysheep_just_a_vault
Temple:   corrupted_temple
Sewer:    sewer_kobolds
Ossuary:  ossuary_minmay_tomb_2a
